 Dungeon Crawl Stone Soup version 0.30-a0-1016-gfb0d676c02 (webtiles) character file.

Game seed: 10859700110168982531

217 qeuew the Trooper (level 5, -1/47 HPs)
             Began as a Hill Orc Fighter on Apr 6, 2023.
             Was a Follower of the Shining One.
             Succumbed to a gnoll's poison
             ... on level 4 of the Dungeon.
             The game lasted 00:03:04 (2722 turns).

qeuew the Trooper (Hill Orc Fighter)                Turns: 2722, Time: 00:03:04

Health: -1/47      AC:  7    Str: 19    XL:     5   Next: 94%
Magic:  6/6        EV:  9    Int:  8    God:    the Shining One [*.....]
Gold:   161        SH:  5    Dex: 12    Spells: 4/4 levels left

rFire   + . .      SeeInvis .    a - +1 war axe
rCold   + . .      Faith    .    c - +0 buckler
rNeg    . . .      Spirit   .    b - +0 scale mail
rPois   +          Reflect  .    (no helmet)
rElec   +          Rampage  .    (no cloak)
rCorr   +                        (no gloves)
Will    .....                    (no boots) Stlth
                                 (no amulet)
HPRegen 0.27/turn                (no ring)
MPRegen 0.10/turn                (no ring)

@: lethally poisoned (-1 -> -35), resistant, glowing
A: wild magic 1
a: Renounce Religion, Divine Shield


You were on level 4 of the Dungeon.
You worshipped the Shining One.
The Shining One was aware of your devotion.
You visited 1 branch of the dungeon, and saw 4 of its levels.

You collected 161 gold pieces.

Inventory:

Hand Weapons
 a - a +1 war axe (weapon)
Armour
 b - a +0 scale mail (worn)
 c - a +0 buckler (worn)
Wands
 n - a wand of iceblast (8)
Potions
 d - 3 potions of might


   Skills:
 * Level 4.7 Fighting
 * Level 4.2 Axes
 * Level 4.2 Armour
 + Level 1.0 Dodging
 * Level 4.3 Shields
 + Level 1.4 Invocations
 + Level 0.7 Evocations


You had 4 spell levels left.
You didn't know any spells.
Your spell library was empty.

Dungeon Overview and Level Annotations

Branches:
Dungeon (4/15)
 Temple: D:4-7

Altars:
Nemelex Xobeh
Ru
Xom
The Shining One


Innate Abilities, Weirdness & Mutations

Your spells are a little harder to cast, but a little more powerful.


Message History

No target in view!
No target in view!
No target in view!
A gnoll comes into view. It is wielding a +0 flail.
You see here a +0 club.
A gnoll comes into view. It is wielding a +0 whip of venom.
Found 2 poisoned darts.
You slash the gnoll!
The gnoll is heavily wounded.
The gnoll closely misses you.
A gnoll comes into view. It is wielding a +0 halberd.
The gnoll barely misses you.
You barely miss the gnoll.
The gnoll is heavily wounded.
You completely miss the gnoll. The gnoll hits you with a +0 flail.
The gnoll closely misses you.
You slash the gnoll!
You kill the gnoll!
You hit the gnoll.
The gnoll hits you with a +0 whip of venom.
You hit the gnoll but do no damage.
The gnoll is moderately wounded.
The gnoll hits you but does no damage.
You are poisoned.
The gnoll hits you from afar with a +0 halberd!
The gnoll hits you with a +0 whip of venom!
You are lethally poisoned!
Okay, then.
You aren't carrying any scrolls.
Unknown command.
You feel protected.
* * * LOW HITPOINT WARNING * * *
You feel very sick.
The gnoll hits you with a +0 whip of venom.
* * * LOW HITPOINT WARNING * * *
You are more poisoned.
The gnoll hits you but does no damage.
You hit the gnoll.
The gnoll is severely wounded.
You die...

.#...>. ... ......#
.. ..
..>..######.... ..
..##...<....... (
#.##.#..##.....
#.#.#......###... .
#.#.#.......... .
....#.g.#))..##.....
.....g)@))).........
...###.....#########
#....## #...## ##.##
#.# #.# ###


You could see 2 gnolls.

Vanquished Creatures
  Terence (D:2)
  3 adders
  10 gnolls
  3 worms (D:2)
  A dart slug (D:2)
  3 orcs (D:3)
  8 endoplasms
  3 giant cockroaches
  5 goblins
  2 hobgoblins
  5 kobolds
  A quokka (D:2)
  6 ball pythons
  3 bats (D:1)
  A frilled lizard (D:3)
  7 rats
62 creatures vanquished.

Notes
Turn   | Place    | Note
-------+----------+-------------------------------------------
     0 | D:1      | qeuew the Hill Orc Fighter began the quest for the Orb.
     0 | D:1      | Reached XP level 1. HP: 19/19 MP: 1/1
   134 | D:1      | Reached XP level 2. HP: 24/27 MP: 2/2
   399 | D:1      | Reached XP level 3. HP: 33/33 MP: 3/3
   671 | D:1      | Found a faded altar of an unknown god.
   683 | D:1      | Prayed at the altar of an unknown god.
   683 | D:1      | Became a worshipper of the Shining One
   683 | D:1      | Reached * piety under the Shining One
   691 | D:1      | You fall into a shaft and drop 1 floor!
   932 | D:2      | Reached XP level 4. HP: 40/40 MP: 4/4
  1036 | D:2      | Noticed Terence
  1051 | D:2      | Killed Terence
  1256 | D:2      | HP: 3/61 [gnoll/+3 spear (1)]
  1259 | D:2      | Reached skill level 1 in Invocations
  1259 | D:2      | Reached XP level 5. HP: 5/47 MP: 5/5
  1535 | D:1      | Gained mutation: Your spells are a little harder to cast,
                  | but a little more powerful. [potion of mutation]
  2055 | D:3      | Found a sacrificial altar of Ru.
  2113 | D:3      | Found a sparkling altar of Nemelex Xobeh.
  2595 | D:3      | Found a shimmering altar of Xom.
  2708 | D:4      | Reached skill level 1 in Dodging
  2722 | D:4      | Succumbed to a gnoll's poison

Illustrated notes

Levels and vault maps discovered:
D:1:      mrwooster_arrival_statue_2, layout_loops_cross,
          ebering_ecumenical_altar_ruins
D:2:      layout_basic, nicolae_underground_beach, uniq_terence
D:3:      minmay_diamond_boxcup, layout_basic, mainiacjoe_overflow_alcove_4,
          hangedman_ru_absence, mainiacjoe_overflow_brackets
D:4:      layout_rooms, mainiacjoe_overflow_surrounded_room

Skill      XL: |  1  2  3  4  5 |
---------------+----------------+-----
Axes           | 3 4 |  4.2
Fighting       | 4 |  4.7
Shields        | 4 |  4.3
Armour         | 4 |  4.2
Invocations    | 1 |  1.4
Dodging        | 1 |  1.0
Evocations     | |  0.7

Action                     |  1- 3 |  4- 6 || total
---------------------------+-------+-------++-------
  Melee: War axe           |    85 |    85 ||   170
    Use: Potion            |       |     8 ||     8
         Scroll            |       |     7 ||     7
 Armour: Scale mail        |    40 |    31 ||    71
  Dodge: Dodged            |    29 |    38 ||    67
  Block: Buckler           |    21 |    24 ||    45

Table legend: (Time is in decaauts)
 A = Elapsed time spent in this place.
 B = Non-inter-level travel time spent in this place.
 C = Inter-level travel time spent in this place.
 D = Time resting spent in this place.
 E = Time spent auto-exploring this place.
 F = Levels seen in this place.
 G = Mean time per level.
                   A        B        C        D        E       F      G
               +--------+--------+--------+--------+--------+-----+--------+
         Total |   2796 |   2638 |    158 |     27 |   2181 |   4 |  699.0 |
       Dungeon |   2796 |   2638 |    158 |     27 |   2181 |   4 |  699.0 |
               +--------+--------+--------+--------+--------+-----+--------+

Top non-repeatable levels by time:
     D:2: 1117 daAuts
     D:1: 913 daAuts
     D:3: 734 daAuts
     D:4: 30 daAuts
